 Dungeon Crawl Stone Soup version 0.31-a0-968-g24f9ace8b5 (webtiles) character file.

Game seed: 127450139740311532

9328 drugrobin the Grappler (level 11, -1/81 HPs)
             Began as a Demigod Delver on Oct 28, 2023.
             Slain by a yak (7 damage)
             ... on level 1 of the Lair of Beasts.
             The game lasted 00:42:39 (12923 turns).

drugrobin the Grappler (Demigod Delver)            Turns: 12923, Time: 00:42:39

Health: -1/81      AC: 10    Str: 21    XL:     11   Next: 2%
Magic:  20/20      EV: 12    Int: 12    God:
Gold:   539        SH:  0    Dex: 19    Spells: 13/18 levels left

rFire   . .          .
                       - Unarmed
rCold   + . .        (no shield)
rNeg    + . .        a - +0 acid dragon scales
rPois   .            m - +2 helmet
rElec   .            n - +0 cloak
rCorr   +            (no gloves)
SInv    .            (no boots)
Will    +....        (no amulet)
Stlth   +++          l - ring of positive energy
HPRegen 0.33/turn    v - ring of protection from cold
MPRegen 0.17/turn

%: no passive effects
@: no status effects
A: high MP 1, forlorn, divine attributes
a: no special abilities


You were on level 1 of the Lair of Beasts.
You visited 2 branches of the dungeon, and saw 11 of its levels.

You collected 539 gold pieces.

Inventory:

Hand Weapons
 b - a +0 shortbow
 c - a +2 dagger of venom
Missiles
 g - 28 poisoned darts (quivered)
 C - 3 boomerangs
 Q - 2 throwing nets
 T - 2 curare-tipped darts
Armour
 a - +0 acid dragon scales (worn)
 m - a +2 helmet (worn)
 n - a +0 cloak (worn)
 D - a scarf of shadows
 F - a +0 chain mail
 O - +0 steam dragon scales
Jewellery
 l - a ring of positive energy (left hand)
 u - a ring of fire
 v - a ring of protection from cold (right hand)
Talismans
 t - a maw talisman
Wands
 f - a wand of digging (2)
 M - a wand of mindburst (13)
 N - a wand of roots (5)
 R - a wand of charming (10)
Scrolls
 d - 2 scrolls of amnesia {unknown}
 h - 2 scrolls of teleportation {unknown}
 j - a scroll of fear
 q - 2 scrolls of blinking {unknown}
 r - a scroll of vulnerability
 w - 2 scrolls of noise {unknown}
 y - a scroll of poison
 A - a scroll of acquirement
 B - 2 scrolls of immolation {unknown}
 G - a scroll of fog
 I - 3 scrolls of revelation
 J - a scroll of enchant weapon
 L - 2 scrolls of enchant armour
 P - 2 scrolls of silence {unknown}
 S - a scroll of torment
Potions
 e - 3 potions of haste
 i - 4 potions of brilliance {unknown}
 k - 3 potions of attraction {unknown}
 o - a potion of mutation {unknown}
 p - 5 potions of curing {unknown}
 s - 3 potions of enlightenment {unknown}
 x - a potion of lignification {unknown}
 z - a potion of resistance {unknown}
 E - a potion of cancellation {unknown}
 H - 4 potions of degeneration {unknown}
 K - a potion of berserk rage {unknown}
 U - a potion of ambrosia {unknown}
 V - a potion of invisibility {unknown}


   Skills:
 - Level 2.6 Fighting
 - Level 1.7 Dodging
 - Level 4.5 Stealth
 * Level 13.7 Unarmed Combat
 - Level 4.0 Spellcasting
 - Level 4.0 Evocations
 + Level 5.0 Shapeshifting


You had 13 spell levels left.
You knew the following spells:

 Your Spells              Type           Power      Damage    Failure   Level
a - Jinxbite              Hex            4%         N/A       38%         2
b - Call Canine Familiar  Summ           2%         N/A       63%         3

Your spell library contained the following spells:

 Spells                   Type           Power      Damage    Failure   Level
 Shock                    Conj/Air       8%         1d3       28%         1
 Ensorcelled Hibernation  Hex/Ice        4%         N/A       38%         2
 Sigil of Binding         Hex            2%         N/A       63%         3
 Swiftness                Air            2%         N/A       63%         3
 Airstrike                Air            1%         2d(1-17)  95%         4
 Anguish                  Hex/Necr       1%         N/A       95%         4
 Dimensional Bullseye     Hex/Tloc       1%         N/A       95%         4
 Leda's Liquefaction      Hex/Erth       1%         N/A       95%         4
 Olgreb's Toxic Radiance  Pois           2%         N/A       95%         4
 Vhi's Electric Charge    Tloc/Air       4%         N/A       95%         4
 Arcjolt                  Conj/Air       1%         1d11      100%        5
 Freezing Cloud           Conj/Ice/Air   1%         6-21      100%        5
 Plasma Beam              Fire/Air       1%         2x1d11    100%        6


Dungeon Overview and Level Annotations

Branches:
Dungeon (10/15)            Temple (0/1) D:4            Lair (1/5) D:10
    Orc: D:9-12

Shops:
D:3 *   D:5 (

Annotations:
D:2 1 runed translucent door, Crazy Yiuf, Terence
D:3 exclusion: ball python, Grinder, Sigmund
D:6 2 transporters


Innate Abilities, Weirdness & Mutations

You have an increased reservoir of magic. (+10% MP)
You shall have no god before yourself.
Your divine heritage dramatically boosts your attributes as you level up.


Message History

Unknown command.
Unknown command.
You pummel the black mamba!!
You kill the black mamba!
The yak gores you.
* * * LOW HITPOINT WARNING * * *
Your Shapeshifting skill increases to level 5!
Unknown command.
Unknown command.
Unknown command.
Aiming: Mindburst
Press: ? - help, Shift-Dir - straight line, f - cane toad
Aim: a cane toad (chance to affect: 79%)
The cane toad's mind is blasted!
The yak closely misses you.
Unknown command.
Unknown command.
Aiming: Mindburst
Press: ? - help, Shift-Dir - straight line, f/p - cane toad
Aim: a cane toad (heavily wounded, chance to affect: 79%)
The cane toad's mind is blasted!
The yak gores you!
* * * LOW HITPOINT WARNING * * *
The cane toad barely misses you.
Unknown command.
Unknown command.
Aiming: Mindburst
Press: ? - help, Shift-Dir - straight line, f/p - cane toad
Aim: a cane toad (severely wounded, chance to affect: 79%)
The cane toad's mind is blasted!
You blow up the cane toad!
The yak gores you!
* * * LOW HITPOINT WARNING * * *
You have reached level 11!
Okay, then.
Okay, then.
Throw: 3 throwing nets
Press: ? - help, Shift-Dir - straight line, f - yak
Aim: a yak (moderately wounded, 70% to hit)
You throw a throwing net. The throwing net barely misses the yak.
The yak gores you!
You die...

## ##..##
#.###.#..##
#........# #
#........+ #.
#........#
...+........#
#..........#
##/....@..#
#.....Y†..#
##...<..!.#
#..(.....#
######.###
..# ... ....
....


You could see a yak.

Vanquished Creatures
  A tengu warrior (D:9)
  Pikel (D:6)
  An elephant (D:10)
  A black mamba (Lair:1)
  A cane toad (Lair:1)
  A komodo dragon (D:8)
  A troll (D:9)
  A shadow (D:9)
  A wyvern (D:9)
  2 wraiths
  10 yaks
  3 basilisks
  3 steam dragons
  Menkaure (D:5)
  3 acid dragons (D:8)
  3 black bears
  5 orc warriors
  2 ice beasts
  2 ogres
  A centaur (D:8)
  A phantom (D:4)
  3 lemures (D:7)
  4 bullfrogs
  4 kobold brigands
  2 scorpions
  A gnoll sergeant (D:8)
  12 killer bees
  2 howler monkeys
  2 gnoll boudas
  6 orc priests
  A hound (D:5)
  2 jellies
  2 iguanas (D:6)
  7 orc wizards
  14 gnolls
  12 adders
  2 white imps
  A worm (D:3)
  3 dart slugs
  30 orcs
  6 ball pythons
  4 bats
  18 endoplasms
  5 giant cockroaches
  5 goblins
  4 hobgoblins
  3 quokkas
  7 frilled lizards
  25 kobolds
  6 rats
238 creatures vanquished.

Vanquished Creatures (collateral kills)
  A wyvern (D:10)
1 creature vanquished.

Grand Total: 239 creatures vanquished

Notes
Turn   | Place    | Note
-------+----------+-------------------------------------------
     0 | D:5      | drugrobin the Demigod Delver began the quest for the Orb.
     0 | D:5      | Reached XP level 1. HP: 18/18 MP: 3/3
    43 | D:5      | Noticed an ogre
    75 | D:5      | Noticed a black bear
    76 | D:5      | Noticed a hound
   118 | D:5      | Found Niunotadgh's Antique Weapon Shoppe.
   149 | D:4      | Noticed a phantom
   160 | D:5      | Noticed a jelly
   229 | D:4      | Reached skill level 2 in Unarmed Combat
   294 | D:4      | Reached XP level 2. HP: 17/25 MP: 4/4
   350 | D:4      | Noticed a howler monkey
   447 | D:3      | Noticed Grinder
   504 | D:3      | Reached skill level 3 in Unarmed Combat
   527 | D:3      | Found Zin's Purification Station.
   696 | D:3      | Noticed Sigmund
   708 | D:2      | Noticed Terence
   783 | D:3      | Reached XP level 3. HP: 23/30 MP: 5/5
  1438 | D:1      | Reached skill level 4 in Unarmed Combat
  1650 | D:1      | Reached XP level 4. HP: 37/37 MP: 6/6
  2439 | D:2      | Found a runed translucent door.
  2440 | D:2      | Noticed Crazy Yiuf
  2941 | D:3      | Got the Spellbook of the Impure Deep Freeze
  3477 | D:4      | Killed a phantom
  3478 | D:4      | Reached skill level 5 in Unarmed Combat
  3478 | D:4      | Reached XP level 5. HP: 31/42 MP: 7/7
  3650 | D:4      | Noticed a black bear
  3663 | D:4      | Killed a black bear
  3664 | D:4      | Reached skill level 6 in Unarmed Combat
  3664 | D:4      | Reached skill level 1 in Evocations
  3664 | D:4      | Reached XP level 6. HP: 45/50 MP: 8/8
  3750 | D:4      | Found a staircase to the Ecumenical Temple.
  4441 | D:5      | Reached skill level 7 in Unarmed Combat
  4441 | D:5      | Reached XP level 7. HP: 35/56 MP: 9/9
  4607 | D:5      | Noticed Menkaure
  4612 | D:5      | Killed Menkaure
  5273 | D:6      | Found a transporter.
  5291 | D:6      | Found a transporter.
  5373 | D:6      | Reached skill level 8 in Unarmed Combat
  5495 | D:6      | Noticed a yak
  5495 | D:6      | Noticed a yak
  5495 | D:6      | Noticed a yak
  5495 | D:6      | Noticed a yak
  5639 | D:5      | Killed a yak
  5640 | D:5      | Reached XP level 8. HP: 55/62 MP: 10/10
  5800 | D:6      | Reached skill level 9 in Unarmed Combat
  6687 | D:7      | Reached skill level 10 in Unarmed Combat
  6787 | D:7      | Learned a level 2 spell: Jinxbite
  7468 | D:7      | Noticed Pikel
  7486 | D:6      | Killed Pikel
  7487 | D:6      | Reached XP level 9. HP: 25/68 MP: 8/15
  7898 | D:7      | Reached skill level 11 in Unarmed Combat
  8418 | D:8      | Noticed a komodo dragon
  9223 | D:8      | Reached skill level 1 in Shapeshifting
 10053 | D:8      | Killed a komodo dragon
 10071 | D:8      | Reached skill level 12 in Unarmed Combat
 10071 | D:8      | Reached XP level 10. HP: 72/74 MP: 19/19
 10298 | D:9      | Identified a scroll of acquirement
 10592 | D:9      | Noticed a tengu warrior
 10599 | D:9      | Killed a tengu warrior
 11476 | D:10     | Entered Level 10 of the Dungeon
 11484 | D:10     | Found a staircase to the Lair.
 11484 | D:10     | Noticed an elephant
 11504 | D:10     | Killed an elephant
 11505 | D:10     | Reached skill level 13 in Unarmed Combat
 12369 | D:10     | Learned a level 3 spell: Call Canine Familiar
 12532 | D:10     | Noticed a green ugly thing
 12533 | D:10     | Noticed a cyclops
 12542 | D:10     | Noticed a catoblepas
 12542 | D:10     | Noticed a five-headed hydra
 12543 | D:10     | Noticed a purple ugly thing
 12543 | D:10     | Noticed a red ugly thing
 12553 | D:10     | Noticed a cyclops
 12553 | D:10     | Noticed a deep elf pyromancer
 12802 | D:15     | Identified the "Bemnaona"
 12802 | Lair:1   | Entered Level 1 of the Lair of Beasts
 12802 | Lair:1   | Noticed a black mamba
 12919 | Lair:1   | Killed a black mamba
 12920 | Lair:1   | Reached skill level 5 in Shapeshifting
 12923 | Lair:1   | Reached XP level 11. HP: 6/81 MP: 20/20
 12923 | Lair:1   | Slain by a yak

Illustrated notes

Levels and vault maps discovered:
D:1:      tekkud_arrival_beachfront_property, layout_loops_ring
D:2:      layout_loops_ring, dilly_ecumenical_altar_fadedgnrine, uniq_terence,
          uniq_crazy_yiuf_cottage
D:3:      layout_loops_ring, mainiacjoe_overflow_chevrons, zin_purify,
          nicolae_eternal_life, hangedman_decor_growths, uniq_sigmund,
          uniq_grinder
D:4:      layout_rooms, mainiacjoe_overflow_tiny_flanked,
          overflow_temple_1_default, temple_fountains, nicolae_half_adder
D:5:      layout_loops_ring, serial_shops, shop, uniq_menkaure
D:6:      gammafunk_steamed_eel, layout_basic, lemuel_doored_altar,
          mainiacjoe_overflow_catwalk_spiral
D:7:      layout_loops_corners, kennysheep_mini, mainiacjoe_overflow_big_doors,
          hangedman_abyss_or_decor_stagger, kennysheep_generic_room_7,
          uniq_pikel
D:8:      layout_loops_ring, nicolae_overflow_crystal_walls, serial_aquarium,
          aquarium_bridge_square [aquarium_subvault_wall,
          aquarium_subvault_bridge, aquarium_subvault_wall,
          aquarium_subvault_bridge], aquarium_bridge_square
          [aquarium_subvault_bridge, aquarium_subvault_window,
          aquarium_subvault_bridge, aquarium_subvault_bridge],
          aquarium_window_1, aquarium_window_1, aquarium_window_corner,
          aquarium_view_2a, aquarium_balcony_1b, grunt_ministairs_3,
          minmay_three_doors
D:9:      layout_basic, st_stairs_5, grunt_ogre_cave, hangedman_decor_opposing
D:10:     nicolae_cairo_tiling_large, layout_cave_pools, david_lair_generic,
          serial_column_ruins, column_ruins_columns_straight,
          column_ruins_open_small, column_ruins_corridor_straight,
          column_ruins_corridor_water, column_ruins_open_medium,
          hangedman_abyss_or_decor_clamps, minivault_12
Lair:1:   layout_roguey

Skill      XL: |  1  2  3  4  5  6  7  8  9 10 |
---------------+-------------------------------+-----
Unarmed Combat | 2 3 4 5 6 7 8 10 12 13 | 13.7
Evocations     | 1 2 4 |  4.0
Spellcasting   | 2 4 |  4.0
Shapeshifting  | 2 5 |  5.0
Fighting       | |  2.6
Dodging        | |  1.7
Stealth        | |  4.5

Action                     |  1- 3 |  4- 6 |  7- 9 | 10-12 || total
---------------------------+-------+-------+-------+-------++-------
  Melee: Unarmed           |   154 |   194 |   293 |   196 ||   837
         Punch             |     5 |     5 |    22 |    18 ||    50
         Dagger            |       |       |    32 |     6 ||    38
   Fire: Shortbow          |       |       |     5 |    23 ||    28
  Throw: Dart              |    15 |    22 |    40 |    13 ||    90
         Stone             |     1 |       |       |       ||     1
         Throwing net      |       |       |       |     1 ||     1
   Cast: Jinxbite          |       |       |    14 |    13 ||    27
         Call Canine Famil |       |       |       |     2 ||     2
  Evoke: Wand              |       |       |    22 |    11 ||    33
    Use: Scroll            |     2 |       |     1 |     6 ||     9
   Stab: Sleeping          |    11 |     7 |       |     1 ||    19
         Distracted        |       |       |       |     1 ||     1
 Armour: Leather armour    |    64 |       |       |       ||    64
         Ring mail         |    17 |    54 |       |       ||    71
         Chain mail        |       |    76 |    80 |       ||   156
         Steam dragon scal |       |       |    51 |       ||    51
         Acid dragon scale |       |       |    96 |   207 ||   303
         Skin              |       |       |     5 |       ||     5
  Dodge: Dodged            |    67 |    98 |   171 |   113 ||   449

Table legend: (Time is in decaauts)
 A = Elapsed time spent in this place.
 B = Non-inter-level travel time spent in this place.
 C = Inter-level travel time spent in this place.
 D = Time resting spent in this place.
 E = Time spent auto-exploring this place.
 F = Levels seen in this place.
 G = Mean time per level.
                   A        B        C        D        E       F      G
               +--------+--------+--------+--------+--------+-----+--------+
         Total |  12833 |  12350 |    483 |   2346 |   6268 |  11 | 1166.6 |
       Dungeon |  12820 |  12337 |    483 |   2346 |   6268 |  10 | 1282.0 |
          Lair |     13 |     13 |      0 |      0 |      0 |   1 |   13.0 |
               +--------+--------+--------+--------+--------+-----+--------+

Top non-repeatable levels by time:
     D:9: 1940 daAuts
     D:7: 1858 daAuts
     D:8: 1703 daAuts
     D:5: 1257 daAuts
     D:4: 1207 daAuts
     D:6: 1205 daAuts
     D:3: 1196 daAuts
     D:2: 950 daAuts
    D:10: 761 daAuts
     D:1: 739 daAuts
  Lair:1: 13 daAuts
